 Dungeon Crawl Stone Soup version 0.23.0-33-g5e6c059 (webtiles) character file.

Game seed: 6081742638591850998

103 misha the Poker (level 4, -3/37 HPs)
             Began as a Merfolk Berserker on Feb 26, 2019.
             Was a Believer of Trog.
             Blown up by Ijyb (22 damage)
             ... with a wand of disintegration (13)
             ... on level 3 of the Dungeon.
             The game lasted 00:05:53 (4106 turns).

misha the Poker (Merfolk Berserker)                 Turns: 4106, Time: 00:05:53

Health: -3/37      AC:  7    Str: 18    XL:     4   Next: 79%
Magic:  4/4        EV: 12    Int:  6    God:    Trog [**....]
Gold:   86         SH:  0    Dex: 13    Spells: 3/3 levels left

rFire    . . .     SeeInvis .   a - +0 spear
rCold    . . .     Gourm    .   (no shield)
rNeg     . . .     Faith    .   n - +0 ring mail
rPois    .         Spirit   .   (no helmet)
rElec    .         Reflect  .   (no cloak)
rCorr    .         Harm     .   r - +1 pair of gloves
MR       .....                  (no boots)
Stlth    +.........             (no amulet)
HPRegen  0.12/turn              l - ring of flight
MPRegen  0.09/turn              (no ring)

@: no status effects
A: change form in water, swift swim, stealthy swim
a: Berserk, Trog's Hand, Renounce Religion, Evoke Flight


You were on level 3 of the Dungeon.
You worshipped Trog.
Trog was pleased with you.
You were hungry.

You visited 1 branch of the dungeon, and saw 3 of its levels.

You collected 86 gold pieces.

Inventory:

Hand Weapons
 a - a +0 spear (weapon)
Missiles
 b - 94 stones (quivered)
 m - 12 sling bullets
Armour
 n - a +0 ring mail (worn)
 r - a +1 pair of gloves (worn)
Jewellery
 l - a ring of flight (left hand)
 w - an uncursed ring of protection from cold {unknown}
Scrolls
 d - 2 scrolls of teleportation {unknown}
 h - a scroll of enchant armour {unknown}
 j - 5 scrolls of remove curse {unknown}
 o - a scroll of amnesia {unknown}
 q - 2 scrolls of random uselessness {unknown}
 s - 2 scrolls of identify {unknown}
 u - 2 scrolls of fear {unknown}
 v - a scroll of noise {unknown}
Potions
 c - a potion of mutation {unknown}
 e - a potion of resistance {unknown}
 f - a potion of cancellation {unknown}
 g - a potion of flight {unknown}
 i - a potion of agility {unknown}
 k - 5 potions of curing {unknown}
 p - a potion of heal wounds {unknown}
Comestibles
 t - 2 rations


   Skills:
 + Level 3.8 Fighting
 + Level 5.8 Polearms
 + Level 2.2 Armour
 + Level 3.4 Dodging
 + Level 1.0 Stealth


You had 3 spell levels left.
You didn't know any spells.
Your spell library was empty.

Dungeon Overview and Level Annotations

Branches:
Dungeon (3/15)

Altars:

Annotations:
D:3 Ijyb


Message History

You are too injured to fight recklessly!
You are too injured to fight recklessly!
You are too injured to fight recklessly!
You are too injured to fight recklessly!
You are too injured to fight recklessly!
You are too injured to fight recklessly!
You are too injured to fight recklessly!
You hit Ijyb but do no damage.
Ijyb is almost dead.
Ijyb closely misses you.
You hit Ijyb but do no damage.
Ijyb is almost dead.
You completely miss Ijyb.
Ijyb is almost dead.
Ijyb barely misses you.
You hit Ijyb.
Ijyb is almost dead.
Ijyb zaps a wand.
You are blasted!
Ouch! That really hurt!
You die...

...##)#
#..............#
...##.# #..
#..............#
...##.# #...
############..†###
...##.# ...#######
###..†... #.###.#
........ ...........
#.###.# #.....#
#####...... #..##.#
#.#.....# #.......
##.##.#
#.#..g..########.######
##.##.#
#.....@.......... #
......#
###.....#..#####. #
###.#.# #........# #
###...# #.....#.## #
.##...# #.....#... .
......# #.....########
. .##...#
#............# #
..#...# #.........##.#
.#### ..#...#
#.........##.# .....


You could see Ijyb.

Vanquished Creatures
  3 adders (D:2)
  4 worms (D:2)
  A leopard gecko (D:3)
  10 orcs (D:3)
  5 goblins
  6 hobgoblins
  6 jackals
  3 kobolds
  A quokka (D:2)
  8 bats
  2 frilled lizards
  3 rats
52 creatures vanquished.

Notes
Turn   | Place    | Note
-------+----------+-------------------------------------------
     0 | D:1      | misha the Merfolk Berserker began the quest for the Orb.
     0 | D:1      | Reached XP level 1. HP: 18/18 MP: 1/1
   303 | D:1      | Reached XP level 2. HP: 13/24 MP: 2/2
  2123 | D:2      | Reached skill level 5 in Polearms
  2147 | D:2      | Reached XP level 3. HP: 28/29 MP: 3/3
  2875 | D:2      | Reached skill level 1 in Stealth
  3026 | D:2      | Reached XP level 4. HP: 31/37 MP: 4/4
  3356 | D:3      | Reached ** piety under Trog
  4080 | D:3      | Noticed Ijyb
  4106 | D:3      | Blown up by Ijyb

Skill      XL: |  1  2  3  4 |
---------------+-------------+-----
Dodging        | 3 |  3.4
Polearms       | 5 |  5.8
Stealth        | 1 |  1.0
Armour         | 2 |  2.2
Fighting       | |  3.8

Action                   |  1- 3 |  4- 6 || total
-------------------------+-------+-------++-------
Melee: Spear             |   142 |   137 ||   279
 Stab: Sleeping          |     2 |       ||     2
  Eat: Chunk             |     2 |     4 ||     6
       Ration            |     1 |       ||     1
Armor: Animal skin       |     3 |       ||     3
       Ring mail         |    35 |    37 ||    72
Dodge: Dodged            |    60 |    93 ||   153
